 Dungeon Crawl Stone Soup version 0.17-a0-1906-g6d5812e (webtiles) character file.

16 tablen the Grasshopper (level 2, -1/13 HPs)
             Began as a Spriggan Wanderer on Sept 25, 2015.
             Slain by a worker ant (4 damage)
             ... on level 5 of the Dungeon.
             The game lasted 00:08:24 (1304 turns).

tablen the Grasshopper (Spriggan Wanderer)          Turns: 1304, Time: 00:08:24

Health: -1/13      AC:  2    Str:  8    XL:     2   Next: 37%
Magic:  7/7        EV: 14    Int: 15    God:
Gold:   58         SH:  5    Dex: 13    Spells: 2 memorised, 5 levels left

rFire  . . .     SeeInvis +     j - -2 dagger
rCold  . . .     Clarity  .     i - +0 robe
rNeg   . . .     SustAt   .     h - +1 buckler
rPois  .         Gourm    .     (helmet restricted)
rElec  .         Spirit   .     (no cloak)
rCorr  .         Warding  .     (gloves unavailable)
rMut   .         Stasis   .     (boots unavailable)
MR     .....                    (no amulet)
Stlth  +++.......               (no ring)
                                (no ring)

@: lethally poisoned (-1 -> -12), hasted, very quick, not resistant to hostile
enchantments, fairly stealthy
A: unfitting armour, see invisible, herbivore 3, speed 3, slow metabolism 2
a: no special abilities


You were on level 5 of the Dungeon.
You were not hungry.

You visited 1 branch of the dungeon, and saw 5 of its levels.

You collected 58 gold pieces.

Inventory:

Hand weapons
 e - a +0 dagger
 g - a +2 dagger of venom
 j - a -2 dagger (weapon)
Armour
 d - a +0 robe
 h - a +1 buckler (worn)
 i - a +0 robe (worn)
Scrolls
 m - a scroll of random uselessness {unknown}
Books
 a - a book of Minor Magic

   Spells                             Type                      Level
   a - Magic Dart                     Conjuration                  1
   b - Blink                          Translocation                2
   c - Call Imp                       Summoning                    2
   d - Repel Missiles                 Charms/Air                   2
   e - Slow                           Hexes                        2
   f - Conjure Flame                  Conjuration/Fire             3
   g - Mephitic Cloud                 Conjuration/Poison/Air       3
 b - Tarphureq's Tome of the Traveller

   Spells                             Type                      Level
   a - Apportation                    Translocation                1
   b - Portal Projectile              Translocation                3
 c - Ropun's Handbook of Creation

   Spells                             Type                      Level
   a - Summon Small Mammal            Summoning                    1
   b - Call Imp                       Summoning                    2
Comestibles
 f - a bread ration
 l - 3 fruits


   Skills:
 * Level 3.6 Stealth
 * Level 3.1 Spellcasting
   Level 1.5 Summonings
 * Level 4.9 Translocations
   Level 1.3 Transmutations


You had 5 spell levels left.
You knew the following spells:

 Your Spells              Type           Power        Failure   Level  Hunger
a - Magic Dart            Conj           #...         38%         1    #......
b - Apportation           Tloc           ###.......   6%          1    #......


Dungeon Overview and Level Annotations

Branches:
Dungeon (5/15)
 Temple: D:4-7

Altars:

Annotations:
D:2 Terence


Innate Abilities, Weirdness & Mutations

You are tiny and cannot use many weapons and most armour.
You have supernaturally acute eyesight.
You are a herbivore.
You cover ground extremely quickly.
You need consume almost no food.


Message History

You hit the worker ant but do no damage.
Your hound bites the worker ant but does no damage.
Your hound closely misses the worker ant.
You block the worker ant's attack.
You completely miss the worker ant.
Your hound bites the worker ant.
The worker ant barely misses you.
You barely miss the worker ant.
The worker ant is moderately wounded.
Your hound bites the worker ant but does no damage.
The worker ant bites you!
Ouch! That really hurt!
You are lethally poisoned!
The worker ant poisons you!
Your hound barely misses the worker ant.
Drink which item? (? for menu, Esc to quit)
It was a potion of haste.
You feel yourself speed up.
* * * LOW HITPOINT WARNING * * *
You feel sick.
Your hound barely misses the worker ant.
The worker ant bites you.
You die...

......# .....#
#+##### ....##
....... ....#
....# #...# ....#
#.>.#
...############ha#
...#............@#
...#.##########.##
....a.....# #.#
...o......# #.#
..........# #.#
..........# #.#
.....###### #.#
###### #.#


You could see a worker ant and a friendly hound.

Vanquished Creatures
  An ooze (D:3)
  An orc (D:3)
  A bat (D:3)
  A giant cockroach (D:5)
  2 goblins
  A kobold (D:3)
  A giant newt (D:2)
  2 rats
10 creatures vanquished.

Notes
Turn   | Place    | Note
--------------------------------------------------------------
     0 | D:1      | tablen the Spriggan Wanderer began the quest for the Orb.
     0 | D:1      | tablen set off with: a book of Minor Magic, Tarphureq's Tome of the Traveller, Ropun's Handbook of Creation, a +0 robe, a +0 dagger, a bread ration, a !bad item (cl:100,ty:0,pl:0,pl2:0,sp:0,qu:0), a !bad item (cl:100,ty:0,pl:0,pl2:0,sp:0,qu:0), a !bad item (cl:100,ty:0,pl:0,pl2:0,sp:0,qu:0), a !bad item (cl:100,ty:0,pl:0,pl2:0,sp:0,qu:0), a !bad item (cl:100,ty:0,pl:0,pl2:0,sp:0,qu:0), a !bad item (cl:100,ty:0,pl:0,pl2:0,sp:0,qu:0), a !bad item (cl:100,ty:0,pl:0,pl2:0,sp:0,qu:0), a !bad item (cl:100,ty:0,pl:0,pl2:0,sp:0,qu:0), a !bad item (cl:100,ty:0,pl:0,pl2:0,sp:0,qu:0), a !bad item (cl:100,ty:0,pl:0,pl2:0,sp:0,qu:0), a !bad item (cl:100,ty:0,pl:0,pl2:0,sp:0,qu:0), a !bad item (cl:100,ty:0,pl:0,pl2:0,sp:0,qu:0), a !bad item (cl:100,ty:0,pl:0,pl2:0,sp:0,qu:0), a !bad item (cl:100,ty:0,pl:0,pl2:0,sp:0,qu:0), a !bad item (cl:100,ty:0,pl:0,pl2:0,sp:0,qu:0), a !bad item (cl:100,ty:0,pl:0,pl2:0,sp:0,qu:0), a !bad item (cl:100,ty:0,pl:0,pl2:0,sp:0,qu:0), a !bad item (cl:100,ty:0,pl:0,pl2:0,sp:0,qu:0), a !bad item (cl:100,ty:0,pl:0,pl2:0,sp:0,qu:0), a !bad item (cl:100,ty:0,pl:0,pl2:0,sp:0,qu:0), a !bad item (cl:100,ty:0,pl:0,pl2:0,sp:0,qu:0), a !bad item (cl:100,ty:0,pl:0,pl2:0,sp:0,qu:0), a !bad item (cl:100,ty:0,pl:0,pl2:0,sp:0,qu:0), a !bad item (cl:100,ty:0,pl:0,pl2:0,sp:0,qu:0), a !bad item (cl:100,ty:0,pl:0,pl2:0,sp:0,qu:0), a !bad item (cl:100,ty:0,pl:0,pl2:0,sp:0,qu:0), a !bad item (cl:100,ty:0,pl:0,pl2:0,sp:0,qu:0), a !bad item (cl:100,ty:0,pl:0,pl2:0,sp:0,qu:0), a !bad item (cl:100,ty:0,pl:0,pl2:0,sp:0,qu:0), a !bad item (cl:100,ty:0,pl:0,pl2:0,sp:0,qu:0), a !bad item (cl:100,ty:0,pl:0,pl2:0,sp:0,qu:0), a !bad item (cl:100,ty:0,pl:0,pl2:0,sp:0,qu:0), a !bad item (cl:100,ty:0,pl:0,pl2:0,sp:0,qu:0), a !bad item (cl:100,ty:0,pl:0,pl2:0,sp:0,qu:0), a !bad item (cl:100,ty:0,pl:0,pl2:0,sp:0,qu:0), a !bad item (cl:100,ty:0,pl:0,pl2:0,sp:0,qu:0), a !bad item (cl:100,ty:0,pl:0,pl2:0,sp:0,qu:0), a !bad item (cl:100,ty:0,pl:0,pl2:0,sp:0,qu:0), a !bad item (cl:100,ty:0,pl:0,pl2:0,sp:0,qu:0), a !bad item (cl:100,ty:0,pl:0,pl2:0,sp:0,qu:0), a !bad item (cl:100,ty:0,pl:0,pl2:0,sp:0,qu:0), a !bad item (cl:100,ty:0,pl:0,pl2:0,sp:0,qu:0), a !bad item (cl:100,ty:0,pl:0,pl2:0,sp:0,qu:0), a !bad item (cl:100,ty:0,pl:0,pl2:0,sp:0,qu:0), a !bad item (cl:100,ty:0,pl:0,pl2:0,sp:0,qu:0), a !bad item (cl:100,ty:0,pl:0,pl2:0,sp:0,qu:0)
     0 | D:1      | Reached XP level 1. HP: 9/9 MP: 5/5
     3 | D:1      | Learned a level 1 spell: Magic Dart
     5 | D:1      | Learned a level 1 spell: Apportation
   383 | D:2      | Noticed Terence
   409 | D:3      | Reached XP level 2. HP: 13/13 MP: 0/7
   577 | D:3      | Noticed a phantom
   664 | D:3      | Noticed a hound
  1080 | D:5      | Entered Level 5 of the Dungeon
  1304 | D:5      | Slain by a worker ant

Vault maps used:
D:1:      lightli_arrival_noodles, minmay_hedge_maze, minmay_misc_feat_x,
          minmay_misc_feat_secret_circle, hangedman_decor_slide_cut
D:2:      nemelex_xobeh_ov_fountains_minmay, grunt_ministairs_4,
          kennysheep_big_empty_room, led_sif_pool, uniq_terence
D:3:      minmay_bisected
D:4:      grunt_temple_overflow_order_and_chaos_1, serial_shops,
          nicolae_shop_stone, first_bread
D:5:      nicolae_ru_sacrificial_ziggurat, serial_curves, eino_curves_02,
          eino_curves_02, grunt_decor_one_mirror, minmay_tree_intersection,
          uniq_edmund

Action                   || total
-------------------------++-------
Melee: Dagger            ||    23
 Cast: Magic Dart        ||    11
  Use: Scroll            ||     3
       Potion            ||     2
 Stab: Sleeping          ||     6
